General information
- name: BNet
- type: Ladder team game (AT/RT)
- host: Battle.net
- saver: sc2no.wc4yes
map: Friends
- players: 8
- length: 09:08
- speed: Fast
- version: 1.26 W3XP
- replay type: Public
» download(58 KB)
Players
team 1 (loser)

»
rdsss (
yellow | 61 APM | 558 actions | 09:06)
2 Dark Ranger
1 Black Arrow
1 Silence
» actions
| Assign group hotkey | 22 | |
| Basic commands | 19 | |
| Build / train | 40 | |
| ESC pressed | 2 | |
| Enter build submenu | 12 | |
| Enter hero's abilities submenu | 2 | |
| Right click | 218 | |
| Select / deselect | 114 | |
| Select group hotkey | 108 | |
| Use ability | 21 | |
558 total
» units
| Acolyte | 7 | |
| Ghoul | 3 | |
| Crypt Fiend | 19 | |
| Obsidian Statue | 1 | |
30 total
» buildings
| Crypt | 1 | |
| Graveyard | 1 | |
| Ziggurat | 4 | |
| Altar of Darkness | 1 | |
| Nerubian Tower | 1 | |
| Halls of the Dead | 4 | |
| Tomb of Relics | 1 | |
| Black Citadel | 1 | |
| Slaughterhouse | 1 | |
15 total
» build order
00:09 Crypt
00:13 Graveyard
00:39 Ziggurat
01:03 Altar of Darkness
01:31 Nerubian Tower
01:58 Ziggurat
04:04 Halls of the Dead
04:04 Halls of the Dead
04:04 Halls of the Dead
04:39 Ziggurat
04:43 Ziggurat
04:59 Tomb of Relics
06:28 Black Citadel
06:50 Slaughterhouse
» items
Icarium (
blue | 41 APM | 303 actions | 07:20)
1 Dreadlord
1 Vampiric Aura
» actions
| Assign group hotkey | 13 | |
| Basic commands | 7 | |
| Build / train | 23 | |
| ESC pressed | 3 | |
| Enter build submenu | 11 | |
| Enter hero's abilities submenu | 1 | |
| Right click | 74 | |
| Select / deselect | 49 | |
| Select group hotkey | 93 | |
| Use ability | 29 | |
303 total
» units
» buildings
| Crypt | 1 | |
| Ziggurat | 4 | |
| Altar of Darkness | 1 | |
| Tomb of Relics | 1 | |
| Nerubian Tower | 1 | |
| Graveyard | 1 | |
| Spirit Tower | 1 | |
| Halls of the Dead | 1 | |
11 total
» build order
00:18 Crypt
00:28 Ziggurat
00:43 Ziggurat
00:44 Altar of Darkness
01:05 Tomb of Relics
01:26 Ziggurat
02:11 Nerubian Tower
02:23 Graveyard
04:12 Spirit Tower
04:32 Ziggurat
05:17 Halls of the Dead
maxinvasion (
orange | 39 APM | 290 actions | 07:28)
1 Death Knight
1 Death Coil
» actions
| Basic commands | 1 | |
| Build / train | 20 | |
| Enter build submenu | 10 | |
| Enter hero's abilities submenu | 1 | |
| Right click | 115 | |
| Select / deselect | 130 | |
| Use ability | 13 | |
290 total
» units
» buildings
| Crypt | 2 | |
| Ziggurat | 3 | |
| Altar of Darkness | 1 | |
| Tomb of Relics | 1 | |
| Halls of the Dead | 1 | |
8 total
» build order
00:08 Crypt
00:12 Ziggurat
00:51 Altar of Darkness
00:54 Tomb of Relics
01:33 Ziggurat
02:32 Crypt
03:36 Ziggurat
06:53 Halls of the Dead
» items

»
SpacemanSpiff (
teal | 51 APM | 386 actions | 07:31)
1 Archmage
1 Summon Water Elemental
» actions
| Assign group hotkey | 9 | |
| Basic commands | 2 | |
| Build / train | 26 | |
| Enter build submenu | 10 | |
| Enter hero's abilities submenu | 1 | |
| Right click | 132 | |
| Select / deselect | 86 | |
| Select group hotkey | 104 | |
| Use ability | 16 | |
386 total
» units
» upgrades
» buildings
| Altar of Kings | 1 | |
| Farm | 6 | |
| Barracks | 1 | |
| Lumber Mill | 1 | |
| Keep | 1 | |
| Arcane Vault | 1 | |
11 total
» build order
00:05 Altar of Kings
00:13 Farm
00:25 Barracks
00:53 Farm
01:41 Farm
03:42 Farm
03:59 Lumber Mill
04:14 Farm
04:58 Keep
05:30 Farm
06:56 Arcane Vault
» items
| Rod of Necromancy | 1 | |
| Potion of Healing | 1 | |
| Potion of Mana | 1 | |
3 total
team 2 (winner)

»
WE.SKY (
pink | 83 APM | 757 actions | 09:07)
3 Death Knight
2 Death Coil
1 Unholy Aura
» actions
| Assign group hotkey | 18 | |
| Basic commands | 23 | |
| Build / train | 27 | |
| Enter build submenu | 14 | |
| Enter hero's abilities submenu | 3 | |
| Give item / drop item | 1 | |
| Right click | 278 | |
| Select / deselect | 168 | |
| Select group hotkey | 203 | |
| Use ability | 22 | |
757 total
» units
| Acolyte | 2 | |
| Ghoul | 3 | |
| Crypt Fiend | 10 | |
15 total
» upgrades
» buildings
| Crypt | 1 | |
| Ziggurat | 5 | |
| Graveyard | 1 | |
| Altar of Darkness | 1 | |
| Nerubian Tower | 1 | |
| Tomb of Relics | 1 | |
| Halls of the Dead | 1 | |
| Black Citadel | 1 | |
12 total
» build order
00:20 Crypt
00:25 Ziggurat
00:47 Graveyard
01:00 Altar of Darkness
01:25 Nerubian Tower
01:46 Tomb of Relics
02:03 Ziggurat
03:41 Ziggurat
04:16 Halls of the Dead
06:54 Black Citadel
07:19 Ziggurat
07:58 Ziggurat
» items

»
sc2no.wc4yes (
red | 60 APM | 552 actions | 09:08)
4 Blood Mage
2 Flame Strike
2 Siphon Mana
» actions
| Assign group hotkey | 35 | |
| Basic commands | 10 | |
| Build / train | 43 | |
| ESC pressed | 4 | |
| Enter build submenu | 16 | |
| Enter hero's abilities submenu | 4 | |
| Right click | 173 | |
| Select / deselect | 86 | |
| Select group hotkey | 108 | |
| Use ability | 73 | |
552 total
» units
» upgrades
» buildings
| Altar of Kings | 1 | |
| Farm | 3 | |
| Scout Tower | 11 | |
| Lumber Mill | 1 | |
| Arcane Tower | 3 | |
| Guard Tower | 8 | |
| Arcane Vault | 1 | |
| Keep | 1 | |
29 total
» build order
00:14 Altar of Kings
00:19 Farm
00:45 Farm
01:10 Scout Tower
01:19 Lumber Mill
01:41 Arcane Tower
01:41 Arcane Tower
01:45 Scout Tower
02:00 Scout Tower
02:01 Scout Tower
02:17 Scout Tower
02:20 Scout Tower
02:31 Scout Tower
02:33 Scout Tower
02:38 Scout Tower
02:39 Scout Tower
02:57 Guard Tower
02:57 Guard Tower
03:38 Guard Tower
03:39 Guard Tower
03:39 Guard Tower
03:47 Farm
03:48 Scout Tower
03:52 Guard Tower
04:08 Guard Tower
04:54 Arcane Vault
05:42 Arcane Tower
06:45 Keep
06:49 Guard Tower
» items
| Scroll of Regeneration | 2 | |
| Lesser Clarity Potion | 2 | |
4 total
goddamnit (
purple | 40 APM | 369 actions | 09:07)
3 Death Knight
2 Death Coil
1 Unholy Aura
» actions
| Build / train | 23 | |
| Enter build submenu | 12 | |
| Enter hero's abilities submenu | 3 | |
| Remove unit from queue | 2 | |
| Right click | 212 | |
| Select / deselect | 99 | |
| Use ability | 18 | |
369 total
» units
| Acolyte | 2 | |
| Ghoul | 4 | |
| Crypt Fiend | 6 | |
12 total
» upgrades
» buildings
| Graveyard | 1 | |
| Crypt | 1 | |
| Altar of Darkness | 1 | |
| Ziggurat | 6 | |
| Tomb of Relics | 1 | |
| Halls of the Dead | 1 | |
| Black Citadel | 1 | |
| Sacrificial Pit | 1 | |
13 total
» build order
00:11 Graveyard
00:18 Crypt
00:42 Altar of Darkness
00:59 Ziggurat
01:04 Ziggurat
01:28 Ziggurat
01:43 Tomb of Relics
03:20 Halls of the Dead
04:36 Ziggurat
05:48 Black Citadel
06:41 Sacrificial Pit
07:01 Ziggurat
07:11 Ziggurat
» items
| Rod of Necromancy | 1 | |
| Potion of Healing | 1 | |
2 total

»
Boris_X1V (
green | 48 APM | 438 actions | 09:07)
3 Crypt Lord
1 Impale
2 Spiked Carapace
» actions
| Assign group hotkey | 5 | |
| Build / train | 24 | |
| Enter build submenu | 12 | |
| Enter hero's abilities submenu | 3 | |
| Right click | 167 | |
| Select / deselect | 90 | |
| Select group hotkey | 121 | |
| Use ability | 16 | |
438 total
» units
| Acolyte | 3 | |
| Ghoul | 4 | |
| Crypt Fiend | 4 | |
| Forest Troll Shadow Priest | 1 | |
12 total
» upgrades
| Creature Attack | 2 | |
| Creature Carapace | 1 | |
3 total
» buildings
| Crypt | 1 | |
| Ziggurat | 6 | |
| Graveyard | 1 | |
| Altar of Darkness | 1 | |
| Nerubian Tower | 1 | |
| Tomb of Relics | 1 | |
| Spirit Tower | 1 | |
| Halls of the Dead | 1 | |
| Black Citadel | 1 | |
| Sacrificial Pit | 1 | |
15 total
» build order
00:22 Crypt
00:24 Ziggurat
00:59 Graveyard
01:05 Altar of Darkness
01:21 Ziggurat
01:39 Nerubian Tower
02:19 Ziggurat
02:47 Tomb of Relics
02:58 Spirit Tower
04:45 Halls of the Dead
07:08 Black Citadel
07:15 Sacrificial Pit
08:55 Ziggurat
08:56 Ziggurat
08:57 Ziggurat
Chat log
(02:45 / Allies) goddamnit: are we rushing
(02:47 / Allies) goddamnit: or i guess not?
(04:50 / Allies) sc2no.wc4yes: 900 wood pls fast
(05:09 / Allies) sc2no.wc4yes: i need the wood fukers
(05:48 / Allies) sc2no.wc4yes: tp
(05:51 / Allies) sc2no.wc4yes: gg
(06:04 / Allies) sc2no.wc4yes: WOOD ME
(06:06 / Allies) sc2no.wc4yes: IO NEED TO REPAIR
(06:34 / Allies) WE.SKY: relex bro
(06:55 / All) sc2no.wc4yes: lmao
(06:57 / All) sc2no.wc4yes: faggot rush morons
(07:02 / All) sc2no.wc4yes: you realize this is an rts right?
(07:08 / All) sc2no.wc4yes: go play street fighter for ps3
(07:16 / All) sc2no.wc4yes: you are too pea brained for the rts genre
(07:37 / Allies) WE.SKY: lol
(07:45 / All) sc2no.wc4yes: rush turds
(07:48 / All) sc2no.wc4yes: moron rushers
(07:50 / All) sc2no.wc4yes: 30 apm retards